 Dungeon Crawl Stone Soup version 0.21.1-74-g47da925 (webtiles) character file.

822 Mesmaeker13 the Chiller (level 7, 0/41 HPs)
             Began as an Octopode Ice Elementalist on Aug 13, 2018.
             Was an Initiate of Sif Muna.
             Shot with an arrow by a centaur (3 damage)
             ... on level 5 of the Dungeon.
             The game lasted 00:12:54 (7401 turns).

Mesmaeker13 the Chiller (Octopode Ice Elementalist) Turns: 7401, Time: 00:12:55

Health: 0/41       AC:  9    Str:  7    XL:     7   Next: 95%
Magic:  6/12       EV: 16    Int: 19    God:    Sif Muna [......]
Gold:   185        SH:  0    Dex: 13    Spells: 2/12 levels left

rFire    . . .     SeeInvis +   k - +2 short sword (speed)
rCold    . . .     Gourm    .   (no shield)
rNeg     . . .     Faith    .   g - +2 hat
rPois    .         Spirit   .   (no amulet)
rElec    .         Reflect  .   h - ring of see invisible
rCorr    .         Harm     .   l - ring of wizardry
MR       .....                  (no ring)
Stlth    +++.......             (no ring)
HPRegen  0.13/turn              (no ring)
MPRegen  0.13/turn              (no ring)
                                (no ring)
                                (no ring)

@: icy armour, flying, slow
A: almost no armour, stealthy swim, amphibious, 8 rings, constrict 8, camouflage
1, gelatinous body 1
a: Renounce Religion


You were on level 5 of the Dungeon.
You worshipped Sif Muna.
Sif Muna was noncommittal.
You were not hungry.

You visited 1 branch of the dungeon, and saw 5 of its levels.
You also visited: Sewer.

You collected 185 gold pieces.

Inventory:

Hand Weapons
 k - a +2 short sword of speed (weapon)
 p - a +0 blowgun
Missiles
 d - 8 tomahawks (quivered)
 q - 6 poisoned needles
Armour
 g - a +2 hat (worn)
Jewellery
 h - a ring of see invisible (left tentacle)
 l - a ring of wizardry (right tentacle)
Wands
 o - a wand of acid (3)
 y - a wand of disintegration (4)
Scrolls
 c - 3 scrolls of magic mapping
 m - a scroll of blinking {unknown}
 r - a scroll of remove curse {unknown}
 t - 2 scrolls of immolation
 w - a scroll of teleportation {unknown}
 x - a scroll of enchant weapon {unknown}
Potions
 e - a potion of mutation {unknown}
 f - a potion of berserk rage {unknown}
 i - 2 potions of agility
 j - 4 potions of might
 n - 3 potions of curing
 s - a potion of degeneration {unknown}
 u - a potion of flight
Books
 a - a book of Frost

   Spells                             Type                      Level
   a - Freeze                         Ice                          1
   b - Throw Frost                    Conjuration/Ice              2
   c - Ozocubu's Armour               Charms/Ice                   3
   d - Throw Icicle                   Conjuration/Ice              4
   e - Summon Ice Beast               Ice/Summoning                4
 v - Sif Muna's Reference Book on Venom
   (You found it on level 3 of the Dungeon)

   Spells                             Type                      Level
   a - Sting                          Conjuration/Poison           1
Comestibles
 b - 5 rations


   Skills:
 + Level 5.3 Dodging
 - Level 2.6 Stealth
 - Level 3.4 Spellcasting
 - Level 1.0 Conjurations
 + Level 3.6 Charms
 + Level 5.7 Ice Magic


You had 2 spell levels left.
You knew the following spells:

 Your Spells              Type           Power        Failure   Level  Hunger
a - Freeze                Ice            ####         1%          1    None
b - Throw Frost           Conj/Ice       ###...       2%          2    ##.....
c - Ozocubu's Armour      Chrm/Ice       ###.....     2%          3    ###....
d - Summon Ice Beast      Ice/Summ       ##......     17%         4    ####...


Dungeon Overview and Level Annotations

Branches:
Dungeon (5/15)
 Temple: D:4-7

Altars:
Cheibriados
Dithmenos
Elyvilon
Fedhas
Sif Muna
Trog
Xom
Yredelemnul

Annotations:
D:3 Sigmund; dscm's ghost, weakling HuNe


Innate Abilities, Weirdness & Mutations

You cannot wear most types of armour.
You are very stealthy in the water. (Stealth+)
You are amphibious.
You can wear up to eight rings at the same time.
You can use your tentacles to constrict eight enemies at once.
Your skin changes colour to match your surroundings (Stealth+).
Your rubbery body absorbs attacks. (AC +1, EV +1)


Message History

Aiming: Throw Frost
Press: ? - help, Shift-Dir - straight line, f/p - centaur
Aim: a centaur, wielding a shortbow (almost dead)
The puff of frost misses the centaur.
The centaur shoots an arrow.
The arrow hits you!
* * * LOW HITPOINT WARNING * * *
Unknown command.
Wield which item (- for none, * to show all)? (? for menu, Esc to quit)
Okay, then.
You feel better.
The centaur shoots an arrow.
The arrow barely misses you. The shadow imp gestures at you.
Pain shoots through your body!
* * * LOW HITPOINT WARNING * * *
You feel very buoyant.
You fly up into the air.
The centaur shoots an arrow.
The arrow closely misses you.
You feel better.
The centaur shoots an arrow.
The arrow hits you!
* * * LOW HITPOINT WARNING * * *
The centaur shoots an arrow.
The arrow hits you.
You die...

###..
###(.##...##.......
...................
...................
...c..5.........>..
.............?.....
.......@...........
........<(.........
.####+##..###..###.
##+# .# .. .. .. .


You could see a centaur and a shadow imp.

Vanquished Creatures
  The ghost of Enish the Grave Robber, an amateur GnNe (D:4)
  Purgy (Sewer)
  A necrophage (D:4)
  A scorpion (D:4)
  A howler monkey (D:4)
  A centaur skeleton (D:5)
  4 orc wizards
  A jelly (D:2)
  2 worker ants (D:4)
  8 adders
  An ooze (D:1)
  An adder skeleton (D:4)
  5 worms
  4 dart slugs
  4 leopard geckos
  7 orcs
  3 giant cockroaches
  13 goblins
  9 hobgoblins
  A quokka (D:3)
  3 ball pythons
  6 bats
  13 frilled lizards
  13 kobolds
  12 rats
116 creatures vanquished.

Notes
Turn   | Place    | Note
-------+----------+-------------------------------------------
     0 | D:1      | Mesmaeker13 the Octopode Ice Elementalist began the quest for the Orb.
     0 | D:1      | Reached XP level 1. HP: 11/11 MP: 3/3
   442 | D:1      | Reached XP level 2. HP: 14/17 MP: 1/5
   970 | D:1      | Learned a level 2 spell: Throw Frost
   995 | D:1      | Reached XP level 3. HP: 12/21 MP: 0/6
  1932 | D:2      | Found a shadowy altar of Dithmenos.
  2133 | D:2      | Learned a level 3 spell: Ozocubu's Armour
  2206 | D:2      | Reached XP level 4. HP: 27/27 MP: 2/8
  2622 | D:3      | Reached XP level 5. HP: 31/31 MP: 5/9
  3046 | D:3      | Noticed Sigmund
  3317 | D:3      | Noticed dscm's ghost (weakling HuNe)
  3353 | D:3      | Found a blossoming altar of Fedhas.
  3355 | D:3      | Found a shimmering altar of Xom.
  3448 | D:4      | Reached XP level 6. HP: 28/36 MP: 6/11
  3491 | D:4      | Learned a level 4 spell: Summon Ice Beast
  3503 | D:4      | Found a glowing drain.
  3535 | D:4      | Reached skill level 1 in Charms
  3548 | Sewer    | Entered a sewer
  3640 | Sewer    | Noticed Purgy
  3648 | Sewer    | Killed Purgy
  3929 | D:4      | Noticed Enish's ghost (amateur GnNe)
  4557 | D:3      | Found a deep blue altar of Sif Muna.
  4949 | D:3      | Reached skill level 5 in Ice Magic
  4949 | D:3      | Reached XP level 7. HP: 36/41 MP: 5/12
  4970 | D:3      | Became a worshipper of Sif Muna the Loreminder
  5008 | D:3      | Identified Sif Muna's Reference Book on Venom
  5664 | D:4      | Killed Enish's ghost
  5819 | D:4      | Reached skill level 5 in Dodging
  5867 | D:4      | Found a basalt altar of Yredelemnul.
  6049 | D:4      | Noticed a moth of wrath
  6052 | D:4      | Found a bloodstained altar of Trog.
  6233 | D:4      | Found a white marble altar of Elyvilon.
  6478 | D:4      | Found a snail-covered altar of Cheibriados.
  6550 | D:5      | Entered Level 5 of the Dungeon
  7399 | D:5      | HP: 2/41 [shadow imp/nerve-wracking pain (4)]
  7401 | D:5      | Shot with an arrow by a centaur

Skill      XL: |  1  2  3  4  5  6  7 |
---------------+----------------------+-----
Dodging        | 3 4 5 |  5.3
Spellcasting   | 3 |  3.4
Ice Magic      | 4 5 |  5.7
Charms         | 2 3 |  3.6
Stealth        | |  2.6
Conjurations   | |  1.0

Action                   |  1- 3 |  4- 6 |  7- 9 || total
-------------------------+-------+-------+-------++-------
Melee: Unarmed           |    10 |       |       ||    10
       Constrict         |    12 |    16 |     4 ||    32
       Tentacles         |    10 |     5 |     2 ||    17
       Dagger            |    15 |       |       ||    15
       Short sword       |       |    48 |    17 ||    65
 Fire: Blowgun           |       |     5 |       ||     5
 Cast: Freeze            |    54 |    62 |    40 ||   156
       Throw Frost       |       |    17 |     9 ||    26
       Ozocubu's Armour  |       |       |     1 ||     1
Evoke: Wand              |       |     3 |    10 ||    13
  Use: Scroll            |     3 |     2 |     2 ||     7
       Potion            |       |       |     3 ||     3
 Stab: Sleeping          |     1 |     5 |     3 ||     9
  Eat: Chunk             |     3 |     6 |     7 ||    16
       Ration            |       |     1 |     1 ||     2
Armor: Skin              |    12 |    16 |     5 ||    33
Dodge: Dodged            |    40 |    61 |    43 ||   144
